 Dungeon Crawl Stone Soup version 0.21-a0-278-ga722497 (webtiles) character file.

937 terra52 the Shield-Bearer (level 8, -10/64 HPs)
             Began as a Formicid Fighter on Sept 23, 2017.
             Was an Initiate of Gozag.
             Mangled by an ogre
             ... wielding a +0 giant club
              (15 damage)
             ... on level 5 of the Dungeon.
             The game lasted 00:12:54 (5285 turns).

terra52 the Shield-Bearer (Formicid Fighter)        Turns: 5285, Time: 00:12:54

Health: -10/64     AC:  8    Str: 22    XL:     8   Next: 34%
Magic:  8/8        EV:  7    Int:  9    God:    Gozag
Gold:   666        SH: 17    Dex: 10    Spells: 7/7 levels left

rFire    . . .     SeeInvis +   a - +0 long sword
rCold    . . .     Gourm    .   o - +2 large shield
rNeg     . . .     Faith    .   j - +0 scale mail {MR+}
rPois    .         Spirit   .   (helmet unavailable)
rElec    .         Reflect  .   (no cloak)
rCorr    .         Harm     .   h - +0 pair of gloves
MR       +....                  (no boots)
Stlth    ..........             (no amulet)
HPRegen  0.20/turn              (no ring)
MPRegen  0.11/turn              (no ring)

@: gold aura, very slightly contaminated
A: permanent stasis, dig shafts and tunnels, four strong arms, antennae 3
a: Dig, Shaft Self, Potion Petition, Call Merchant, Bribe Branch, Renounce
Religion


You were on level 5 of the Dungeon.
You worshipped Gozag.
Gozag was pleased with you.
You were not hungry.

You visited 1 branch of the dungeon, and saw 5 of its levels.
You also visited: Sewer.

You collected 697 gold pieces.
You paid 31 gold pieces to Gozag.

Inventory:

Hand Weapons
 a - a +0 long sword (weapon)
 t - a +0 arbalest
Missiles
 w - 8 tomahawks (quivered)
Armour
 b - a +0 scale mail
 c - a +0 shield
 h - a +0 pair of gloves (worn)
 j - a +0 scale mail of magic resistance (worn)
 o - a +2 large shield (worn)
Jewellery
 k - an uncursed ring of ice
 u - an uncursed amulet of guardian spirit {unknown}
Scrolls
 g - 6 scrolls of identify
 i - 2 scrolls of remove curse {unknown}
 l - a scroll of enchant weapon {unknown}
 q - a scroll of teleportation {unknown}
 r - 2 scrolls of fear
 y - a scroll of blinking {unknown}
Potions
 d - 3 potions of magic
 e - 2 potions of curing
 m - a potion of berserk rage {unknown}
 p - a potion of might
 s - a potion of brilliance {unknown}
 v - 2 potions of ambrosia {unknown}
 x - 2 potions of cancellation {unknown}
 z - a potion of agility {unknown}
Comestibles
 f - 2 bread rations


   Skills:
 * Level 5.9 Fighting
 + Level 5.2 Long Blades
 + Level 0.4 Throwing
 + Level 5.0 Armour
 + Level 1.4 Dodging
 + Level 1.0 Stealth
 * Level 6.3 Shields


You had 7 spell levels left.
You didn't know any spells.

Dungeon Overview and Level Annotations

Branches:
Dungeon (5/15)
 Temple: D:4-7

Altars:
Gozag
Sif Muna

Shops:
D:4 *


Innate Abilities, Weirdness & Mutations

You cannot be hasted, slowed, berserked, paralysed or teleported.
You can dig through walls and to a lower floor.
Your four strong arms can wield two-handed weapons with a shield.
You have a pair of large antennae on your head. (SInv)


Message History

The giant cockroach completely misses you.
You barely miss the ogre.
The ogre is severely wounded.
You block the ogre's attack. The giant cockroach barely misses you.
You riposte.
You hit the giant cockroach.
You kill the giant cockroach!
Your shield prevents you from hitting the ogre.
The ogre is severely wounded.
You block the ogre's attack.
You barely miss the ogre.
The ogre is severely wounded.
The ogre barely misses you.
You hit the ogre but do no damage.
The ogre is severely wounded.
The ogre barely misses you.
Your shield prevents you from hitting the ogre.
The ogre is severely wounded.
The ogre hits you with a giant club!
You die...
Your body crumbles into a pile of gold.

........#
........## ..
.........# ...
[......<.# ##...
.........# #...
.[...?.Ol###
#... $
...........# ..#
........##.###$#
#...(.......O@.#
#######.....####
###.#.# #...#
##... $ #.#. #.
.# ## ..


You could see an ogre.

Vanquished Creatures
  The ghost of Nathanielran1005 the Vandal, an amateur HaHu (Sewer)
  Sigmund (D:2)
  An ogre (D:4)
  A scorpion (D:4)
  A wyvern skeleton (D:5)
  2 orc priests (D:3)
  A centaur skeleton (D:5)
  2 orc wizards (D:3)
  An iguana (D:5)
  2 worker ants
  Terence (D:2)
  4 adders
  A river rat (Sewer)
  2 oozes
  A worm (D:4)
  3 dart slugs
  5 leopard geckos
  10 orcs
  3 ball pythons (Sewer)
  7 giant cockroaches
  7 goblins
  7 hobgoblins
  9 jackals
  5 quokkas
  A ball python skeleton (D:4)
  5 bats
  12 frilled lizards
  8 kobolds
  19 rats
123 creatures vanquished.

Notes
Turn   | Place    | Note
-------+----------+-------------------------------------------
     0 | D:1      | terra52 the Formicid Fighter began the quest for the Orb.
     0 | D:1      | Reached XP level 1. HP: 18/18 MP: 1/1
    94 | D:1      | Reached XP level 2. HP: 13/24 MP: 2/2
   448 | D:1      | Reached skill level 4 in Shields
   534 | D:1      | Reached XP level 3. HP: 16/30 MP: 3/3
  1278 | D:2      | Noticed Terence
  1309 | D:2      | Killed Terence
  1309 | D:2      | Reached XP level 4. HP: 16/37 MP: 4/4
  1638 | D:2      | Noticed Sigmund
  1651 | D:2      | Killed Sigmund
  1651 | D:2      | Reached skill level 1 in Dodging
  1651 | D:2      | Reached XP level 5. HP: 24/43 MP: 5/5
  1651 | D:2      | Reached XP level 6. HP: 28/49 MP: 6/6
  1675 | D:2      | Found an opulent altar of Gozag.
  1688 | D:2      | Became a worshipper of Gozag Ym Sagoz the Greedy
  2145 | D:3      | Found a glowing drain.
  2155 | Sewer    | Entered a sewer
  2190 | Sewer    | Noticed Nathanielran1005's ghost (amateur HaHu)
  2207 | Sewer    | Killed Nathanielran1005's ghost
  2207 | Sewer    | Reached skill level 1 in Stealth
  2207 | Sewer    | Reached skill level 5 in Shields
  2207 | Sewer    | Reached XP level 7. HP: 39/55 MP: 7/7
  2286 | Sewer    | Reached skill level 5 in Fighting
  3585 | D:3      | Found a deep blue altar of Sif Muna.
  3633 | D:4      | Found Koqa's General Store.
  3845 | D:3      | Reached skill level 5 in Long Blades
  4386 | D:4      | Reached XP level 8. HP: 51/63 MP: 8/8
  5026 | D:4      | Found a deep blue altar of Sif Muna.
  5242 | D:5      | Entered Level 5 of the Dungeon
  5258 | D:5      | Reached skill level 6 in Shields
  5265 | D:5      | Reached skill level 5 in Armour
  5279 | D:5      | HP: 3/64 [ogre/giant club (6)]
  5285 | D:5      | Mangled by an ogre

Vault maps used:
D:1:      lightli_molten_gateway
D:2:      overflow_temple_1_default, uniq_sigmund, uniq_terence
D:3:      portal_sewer_entry_f, first_bread, led_sif_pool
D:4:      lemuel_crystal_altar, serial_shops, shop_fountains,
          grunt_decor_mini_mirrors
D:5:      minmay_temple_entry_statues_fountains, serial_shops, shop
Sewer:    sewer_co_cracked_pipes

Skill      XL: |  1  2  3  4  5  6  7  8 |
---------------+-------------------------+-----
Shields        | 4 5 6 |  6.3
Fighting       | 4 5 |  5.9
Long Blades    | 3 4 5 |  5.2
Armour         | 4 5 |  5.0
Dodging        | 1 |  1.4
Stealth        | 1 |  1.0
Throwing       | |  0.4

Action                   |  1- 3 |  4- 6 |  7- 9 || total
-------------------------+-------+-------+-------++-------
Melee: Long sword        |   115 |   115 |   204 ||   434
Throw: Tomahawk          |       |       |     2 ||     2
 Abil: Dig               |       |       |     6 ||     6
  Use: Potion            |       |     1 |     2 ||     3
       Scroll            |       |       |     3 ||     3
 Stab: Invisible         |       |       |     1 ||     1
  Eat: Chunk             |     1 |     2 |       ||     3
       Bread ration      |       |     1 |     2 ||     3
       Royal jelly       |       |       |     1 ||     1
Armor: Scale mail        |    48 |    22 |    49 ||   119
Dodge: Dodged            |    45 |    23 |    30 ||    98
Block: Shield            |    79 |    24 |       ||   103
       Large shield      |       |    39 |   170 ||   209
       Rpst.: Long sword |    15 |     4 |     5 ||    24

Table legend:
 A = Spawn XP
 B = Non-spawn XP
 C = Spawn XP percentage of total XP
 D = Spawn monster count
 E = Non-spawn monster count
 F = Spawn count percentage of total count
 G = Total turns spent on level
                    A         B        C        D         E        F      G
               +---------+---------+-------+---------+---------+-------+---------
         Total |       0 |    1339 |   0.0 |       0 |     123 |   0.0 |  5285
               +---------+---------+-------+---------+---------+-------+---------
           D:1 |       0 |      56 |   0.0 |       0 |      29 |   0.0 |  1191
           D:2 |       0 |     284 |   0.0 |       0 |      24 |   0.0 |   781
           D:3 |       0 |     289 |   0.0 |       0 |      33 |   0.0 |  1316
           D:4 |       0 |     257 |   0.0 |       0 |      12 |   0.0 |  1400
           D:5 |       0 |     148 |   0.0 |       0 |       4 |   0.0 |    43
         Sewer |       0 |     305 |   0.0 |       0 |      21 |   0.0 |   554
               +---------+---------+-------+---------+---------+-------+---------
